 Dungeon Crawl Stone Soup version 0.28-a0-1389-gc726bef33b (webtiles) character file.

Game seed: 14219740147867857239

488 Deminshera the Ogre Mage (level 7, -1/59 HPs)
             Began as an Ogre Ice Elementalist on Jan 3, 2022.
             Was an Initiate of Vehumet.
             Slain by a gnoll (4 damage)
             ... on level 4 of the Dungeon.
             The game lasted 00:09:36 (6806 turns).

Deminshera the Ogre Mage (Ogre Ice Elementalist)    Turns: 6806, Time: 00:09:37

Health: -1/59      AC:  3    Str: 19    XL:     7   Next: 13%
Magic:  12/15      EV:  5    Int: 18    God:    Vehumet [......]
Gold:   216        SH:  0    Dex:  9    Spells: 9/17 levels left

rFire   . . .      SeeInvis .   i - +0 short sword (protect)
rCold   . . .      Faith    .   (no shield)
rNeg    . . .      Spirit   .   a - +0 robe
rPois   .          Reflect  .   (helmet restricted)
rElec   .          Harm     .   (no cloak)
rCorr   .          Rampage  .   (gloves unavailable)
Will    .....                   (boots unavailable)
Stlth   ++........              (no amulet)
HPRegen 0.19/turn               c - +6 ring of strength
MPRegen 0.14/turn               (no ring)

@: freezing walls, held
A: large, unfitting armour, tough skin 1
a: Renounce Religion


You were on level 4 of the Dungeon.
You worshipped Vehumet.
Vehumet was noncommittal.
You visited 1 branch of the dungeon, and saw 4 of its levels.

You collected 216 gold pieces.

Inventory:

Hand Weapons
 i - a +0 short sword of protection (weapon)
Armour
 a - a +0 robe (worn)
 p - a +0 tower shield
Jewellery
 c - a +6 ring of strength (left hand)
Scrolls
 h - 5 scrolls of identify {unknown}
 j - 2 scrolls of teleportation {unknown}
 k - 3 scrolls of amnesia {unknown}
 l - 2 scrolls of silence {unknown}
 m - 3 scrolls of magic mapping {unknown}
 r - a scroll of brand weapon {unknown}
 s - a scroll of fear {unknown}
Potions
 b - a potion of curing
 d - a potion of brilliance {unknown}
 e - 3 potions of heal wounds {unknown}
 f - a potion of lignification {unknown}
 g - 3 potions of haste {unknown}
 n - a potion of ambrosia {unknown}
 o - a potion of magic {unknown}
 q - a potion of attraction {unknown}


   Skills:
 - Level 2.1 Dodging
 - Level 2.0 Stealth
 + Level 5.6 Spellcasting
 + Level 1.8 Conjurations
 + Level 5.5 Ice Magic


You had 9 spell levels left.
You knew the following spells:

 Your Spells              Type           Power      Damage    Failure   Level
a - Freeze                Ice            96%        1d11      1%          1
b - Frozen Ramparts       Ice            48%        1d6       3%          3
c - Hailstorm             Conj/Ice       18%        3d6       28%         4

Your spell library contained the following spells:

 Spells                   Type           Power      Damage    Failure   Level
 Ozocubu's Armour         Ice            24%        N/A       3%          3
 Sublimation of Blood     Necr           5%         N/A       19%         2
 Petrify                  Tmut/Erth      5%         N/A       77%         4
 Irradiate                Conj/Tmut      4%         3d15      94%         5


Dungeon Overview and Level Annotations

Branches:
Dungeon (4/15)
 Temple: D:4-7

Altars:
Qazlal
Vehumet
Yredelemnul

Shops:
D:1 :   D:2 [

Annotations:
D:4 1 transporter, Iidacon's ghost, amateur PaFi


Innate Abilities, Weirdness & Mutations

You are too large for most types of armour.
You have tough skin. (AC +1)


Message History

You aren't carrying any items that you can evoke.
Okay, then.
You enter the transporter and appear at another place.
The gnoll zaps a wand.
The bolt of acid hits you!!
Press: ? - help, v - describe, . - travel The floor.
The gnoll throws a throwing net.
The throwing net hits you.
You become entangled in the net!
You see here a throwing net.
You struggle against the net.
Casting: Freeze (safe; 1% risk of failure)
Confirm with . or Enter, or press ? or * to list all spells.
The spell is quite dangerous to miscast (28% risk of failure)!
Continue anyway?
Okay, then.
Casting: Hailstorm (quite dangerous; 28% risk of failure)
Confirm with . or Enter, or press ? or * to list all spells.
Casting: Frozen Ramparts (dangerous; 3% risk of failure)
Press: ? - help, Dir - look around, f - activate The walls around you are covered in ice.
The gnoll hits you from afar with a +3 spear of venom!
You are poisoned.
You feel very sick.
The gnoll hits you from afar with a +3 spear of venom.
You are more poisoned.
* * * LOW HITPOINT WARNING * * *
You feel very sick.
The wall freezes the gnoll. x2
The gnoll shouts!
The gnoll barely misses you.
The gnoll hits you from afar with a +3 spear of venom.
* * * LOW HITPOINT WARNING * * *
You are more poisoned.
The gnoll hits you.
* * * LOW HITPOINT WARNING * * *
You hear a shout! x2
It was a potion of curing.
You feel better.
The wall freezes the gnoll.
The gnoll hits you from afar with a +0 halberd!
* * * LOW HITPOINT WARNING * * *
The gnoll hits you from afar with a +3 spear of venom.
You die...

.......≈≈##.###.###.##≈≈..## ##.
.......≈≈#...........#≈≈.## ###..
.......≈≈###.## ##.###≈≈.####....
....#..≈≈..#.#. #.#..≈≈.#.......
..#....≈≈.##.# #.##.≈≈.........
....##.≈≈.#g.# #.g#.≈≈.........
....##.≈≈.##.##### ##.≈≈.>.###...
.#.###.....#.#8⌠8#g#..≈≈..###....
#..# #....©#.'gg@'.#©.≈≈.## #.#..
#..###.....#.#...#.#..≈≈.######).
##.#.#.≈≈.##.##.##.##.≈≈.##..#.))
....##.≈≈.#..#...#.©#.≈≈..#...##.
....##.≈≈.##.'...+.##.≈≈...#.#.#.
#..###.≈≈..#.#..g#.#..≈≈..#..#.#.
.#..##.≈≈###.##'##.###≈≈.##..###.
....##.≈≈#...g.......#≈≈.#...# #.
#...##.≈≈##.###.###.##≈≈....## ##


You could see 3 gnolls.

Vanquished Creatures
  A black bear (D:3)
  A scorpion (D:4)
  2 orc priests (D:4)
  A bullfrog skeleton (D:4)
  An orc wizard (D:4)
  A statue (D:3)
  5 adders
  3 gnolls (D:2)
  2 worms (D:2)
  3 dart slugs
  14 orcs
  8 endoplasms
  5 giant cockroaches
  7 goblins
  5 hobgoblins
  9 jackals
  3 quokkas
  9 ball pythons
  8 bats
  3 frilled lizards
  12 kobolds
  3 rats
106 creatures vanquished.

Vanquished Creatures (others)
  6 plants (D:4)
6 creatures vanquished.

Grand Total: 112 creatures vanquished

Notes
Turn   | Place    | Note
-------+----------+-------------------------------------------
     0 | D:1      | Deminshera the Ogre Ice Elementalist began the quest for
                  | the Orb.
     0 | D:1      | Reached XP level 1. HP: 16/16 MP: 3/3
    82 | D:1      | Found Meluhe's Book Shop.
   187 | D:1      | Reached XP level 2. HP: 6/24 MP: 0/5
   982 | D:1      | Reached XP level 3. HP: 29/31 MP: 1/7
  1118 | D:1      | Learned a level 3 spell: Frozen Ramparts
  1992 | D:2      | Reached XP level 4. HP: 39/39 MP: 5/8
  2102 | D:2      | Learned a level 4 spell: Hailstorm
  2809 | D:2      | Found Utaf's Armour Shoppe.
  3308 | D:3      | Reached XP level 5. HP: 45/45 MP: 6/10
  3987 | D:3      | Found a stormy altar of Qazlal.
  3991 | D:3      | Found a basalt altar of Yredelemnul.
  4213 | D:3      | Noticed a black bear
  4219 | D:3      | Killed a black bear
  4220 | D:3      | Reached skill level 5 in Spellcasting
  4220 | D:3      | Reached skill level 5 in Ice Magic
  4220 | D:3      | Reached XP level 6. HP: 32/53 MP: 4/13
  4576 | D:3      | Found a radiant altar of Vehumet.
  4760 | D:3      | Became a worshipper of Vehumet
  5495 | D:4      | Reached skill level 1 in Conjurations
  5646 | D:4      | Found a transporter.
  5926 | D:4      | Found a transporter.
  6043 | D:4      | Reached XP level 7. HP: 31/59 MP: 3/15
  6301 | D:4      | Noticed Iidacon's ghost (amateur PaFi)
  6806 | D:4      | Slain by a gnoll

Illustrated notes

Levels and vault maps discovered:
D:1:      nzn_arrival_crosshair, layout_rooms, serial_shops, shop,
          minmay_tromino_v2
D:2:      layout_basic, serial_shops, nicolae_shop_hallway_stairs
D:3:      layout_basic, minitemple, vehumet_statue, hex_large,
          grunt_ministairs_13, minmay_fractal_squares_diagonal_5
D:4:      layout_layer_cave, gammafunk_ghost_gnarly_gnolls

Skill      XL: |  1  2  3  4  5  6 |
---------------+-------------------+-----
Dodging        | 2 |  2.1
Spellcasting   | 3 5 |  5.6
Stealth        | 2 |  2.0
Ice Magic      | 4 5 |  5.5
Conjurations   | 1 |  1.8

Action                   |  1- 3 |  4- 6 |  7- 9 || total
-------------------------+-------+-------+-------++-------
Melee: Unarmed           |    28 |       |       ||    28
       Short sword       |       |    60 |     1 ||    61
 Cast: Freeze            |    47 |    73 |     3 ||   123
       Frozen Ramparts   |     3 |    17 |     1 ||    21
  Use: Potion            |       |       |     1 ||     1
 Stab: Sleeping          |       |     2 |       ||     2
Armor: Robe              |    24 |    36 |     1 ||    61
Dodge: Dodged            |    33 |    56 |     1 ||    90

Table legend: (Time is in decaauts)
 A = Elapsed time spent in this place.
 B = Non-inter-level travel time spent in this place.
 C = Inter-level travel time spent in this place.
 D = Time resting spent in this place.
 E = Time spent auto-exploring this place.
 F = Levels seen in this place.
 G = Mean time per level.
                   A        B        C        D        E       F      G
               +--------+--------+--------+--------+--------+-----+--------+
         Total |   6810 |   6686 |    124 |   2577 |   3415 |   4 | 1702.5 |
       Dungeon |   6810 |   6686 |    124 |   2577 |   3415 |   4 | 1702.5 |
               +--------+--------+--------+--------+--------+-----+--------+

Top non-repeatable levels by time:
     D:4: 2019 daAuts
     D:3: 1788 daAuts
     D:2: 1648 daAuts
     D:1: 1354 daAuts
